 Dungeon Crawl Stone Soup version 0.29-a0-892-g2c4c91d9db (webtiles) character file.

Game seed: 9151310402336146261

928 Monkooky the Changer (level 8, -2/59 HPs)
             Began as a Meteoran Transmuter on July 21, 2022.
             Was an Elder of Kikubaaqudgha.
             Slain by a kobold
             ... wielding a +0 short sword
              (4 damage)
             ... on level 6 of the Dungeon on July 22, 2022.
             The game lasted 00:22:41 (2448 turns).

Monkooky the Changer (Meteoran Transmuter)          Turns: 2448, Time: 00:22:41

Health: -2/59      AC:  5    Str: 12    XL:     8   Next: 58%
Magic:  8/16       EV: 16    Int: 16    God:    Kikubaaqudgha [****..]
Gold:   208        SH:  0    Dex: 15    Spells: 1/16 levels left

rFire   . . .      SeeInvis .     - Unarmed
rCold   . . .      Faith    .   (no shield)
rNeg    . . .      Spirit   .   a - +0 robe
rPois   .          Reflect  .   (no helmet)
rElec   .          Harm     .   (no cloak)
rCorr   +          Rampage  .   g - +2 pair of gloves
Will    +....                   (no boots)
Stlth   +.........              (no amulet)
HPRegen 0.19/turn               t - +4 ring of evasion
MPRegen 0.15/turn               A - ring of resist corrosion

@: lethally poisoned (-2 -> -8), wereblooded, slowed, glowing, very slow
A: sense surroundings 1, otherworldly, glowing, explore regen
a: Renounce Religion, Unearth Wretches


You were on level 6 of the Dungeon.
You worshipped Kikubaaqudgha.
Kikubaaqudgha was greatly pleased with you.
You visited 1 branch of the dungeon, and saw 6 of its levels.
You also visited: Sewer.

You collected 208 gold pieces.

Inventory:

Missiles
 q - 9 poisoned darts
 y - 6 boomerangs
Armour
 a - a +0 robe (worn)
 g - a +2 pair of gloves (worn)
Magical Staves
 r - a staff of cold
Jewellery
 t - a +4 ring of evasion (left hand)
 A - a ring of resist corrosion (right hand)
Wands
 d - a wand of flame (9)
Scrolls
 c - a scroll of enchant armour
 f - a scroll of fear
 j - 3 scrolls of noise
 k - a scroll of blinking
 l - a scroll of teleportation
 m - a scroll of acquirement {unknown}
 s - 2 scrolls of magic mapping {unknown}
 u - a scroll of fog {unknown}
 v - a scroll of immolation {unknown}
 w - a scroll of vulnerability {unknown}
 B - a scroll of silence {unknown}
 C - a scroll of amnesia {unknown}
Potions
 b - a potion of lignification
 e - 3 potions of curing {unknown}
 h - a potion of mutation {unknown}
 i - 7 potions of flight
 n - a potion of attraction {unknown}
 o - 2 potions of degeneration
 p - a potion of ambrosia {unknown}
 x - 2 potions of heal wounds {unknown}
 z - a potion of might {unknown}


   Skills:
 - Level 1.1 Fighting
 - Level 2.4 Dodging
 - Level 4.3 Unarmed Combat
 - Level 4.7 Spellcasting
 - Level 5.9 Necromancy
 * Level 7.4 Transmutations


You had one spell level left.
You knew the following spells:

 Your Spells              Type           Power      Damage    Failure   Level
a - Beastly Appendage     Tmut           54%        N/A       1%          1
b - Wereblood             Tmut           27%        N/A       1%          2
c - Vampiric Draining     Necr           22%        2d7       4%          3
d - Animate Dead          Necr           22%        N/A       14%         4
e - Blade Hands           Tmut           13%        N/A       21%         5

Your spell library contained the following spells:

 Spells                   Type           Power      Damage    Failure   Level
 Necrotise                Necr           88%        1d8       1%          1
 Slow                     Hex            12%        N/A       16%         1
 Spider Form              Tmut/Pois      15%        N/A       10%         3
 Dispel Undead            Necr           22%        3d12      14%         4
 Ice Form                 Ice/Tmut       15%        N/A       32%         4
 Agony                    Necr           22%        N/A       36%         5
 Confusing Touch          Hex            3%         N/A       43%         3
 Portal Projectile        Hex/Tloc       6%         N/A       43%         3
 Summon Guardian Golem    Hex/Summ       3%         N/A       43%         3
 Tukima's Dance           Hex            3%         N/A       43%         3
 Anguish                  Hex/Necr       6%         N/A       43%         4
 Corpse Rot               Necr/Pois/Air  10%        N/A       56%         4
 Borgnjor's Vile Clutch   Necr/Erth      6%         N/A       78%         5
 Death Channel            Necr           11%        N/A       91%         6
 Orb of Destruction       Conj           1%         9d5       100%        7
 Spellforged Servitor     Conj/Summ      1%         N/A       100%        7


Dungeon Overview and Level Annotations

Branches:
Dungeon (6/15) Zot: 1640   Temple (0/1) D:4           Sewer (visited)

Altars:
Dithmenos
Elyvilon
Kikubaaqudgha


Innate Abilities, Weirdness & Mutations

You passively map a small area around you.
You are easily found by Zot.
You glow in the dark.
You regain HP and MP as you explore.


Message History

You slice the kobold!!
You feel a bit better.
You kill the kobold!
Kikubaaqudgha accepts your kill.
You feel sick.
You are no longer poisoned.
The kobold brigand throws a curare-tipped dart.
The curare-tipped dart hits you.
You are poisoned.
You have difficulty breathing.
You feel yourself slow down. The orc misses you.
You feel extremely sick.
The kobold brigand hits you with a +0 short sword.
The orc completely misses you.
The kobold brigand hits you with a +0 short sword.
There is a stone staircase leading up here.
Things that are here:
a +0 short sword; 2 stones; a kobold corpse You barely miss the kobold brigand.
You feel very sick.
The kobold brigand hits you with a +0 short sword.
* * * LOW HITPOINT WARNING * * *
The orc hits you with a +0 club.
* * * LOW HITPOINT WARNING * * *
Unknown command.
You slash the kobold brigand! x2; You feel a bit better.
You kill the kobold brigand!
Kikubaaqudgha accepts your kill.
Your hands revert to their normal proportions.
Your +2 pair of gloves unmelds from your body.
* * * LOW HITPOINT WARNING * * *
You feel very sick.
The kobold throws a poisoned dart.
The poisoned dart barely misses you. The orc hits you but does no damage.
You closely miss the kobold.
You feel sick. The kobold barely misses you. The orc hits you with a +0 club.
* * * LOW HITPOINT WARNING * * *
The orc hits you with a +0 club.
* * * LOW HITPOINT WARNING * * *
The kobold hits you with a +0 short sword.
You die...
Kikubaaqudgha rasps: "You have failed me!
Welcome... death!"

, * #. ,
* #( ,,
,*###.##
* #....
...., *
, *#K.*
* , ,
#K#,* ,
**#@#* ,
* #o# ,
, , #o#
* *, *
#.# ,*
#.# , *
* ...,
** ,*
..# *
*... , ,
* * #.##
*


You could see 2 orcs and 2 kobolds.

Vanquished Creatures
  An ice beast (D:5)
  A centaur (D:5)
  A kobold brigand (D:6)
  A scorpion (D:5)
  A howler monkey (D:5)
  A jelly (D:4)
  2 hounds
  2 orc priests
  Jessica (D:3)
  5 orc wizards
  11 adders
  7 river rats (Sewer)
  An ufetubus (D:4)
  3 worms
  2 dart slugs
  13 orcs
  4 endoplasms
  9 giant cockroaches
  6 goblins
  6 hobgoblins
  14 jackals
  10 kobolds
  6 quokkas
  7 ball pythons
  7 bats
  A frilled lizard (Sewer)
  A rat (D:2)
124 creatures vanquished.

Vanquished Creatures (others)
  8 plants (D:4)
8 creatures vanquished.

Grand Total: 132 creatures vanquished

Notes
Turn   | Place    | Note
-------+----------+-------------------------------------------
     0 | D:1      | Monkooky the Meteoran Transmuter began the quest for the
                  | Orb.
     0 | D:1      | Reached XP level 1. HP: 16/16 MP: 5/5
   143 | D:1      | Reached XP level 2. HP: 13/23 MP: 3/6
   150 | D:1      | Learned a level 2 spell: Wereblood
   186 | D:1      | Found a faded altar of an unknown god.
   199 | D:1      | Prayed at the altar of an unknown god.
   199 | D:1      | Became a worshipper of Kikubaaqudgha
   199 | D:1      | Reached * piety under Kikubaaqudgha
   199 | D:1      | Received a gift from Kikubaaqudgha
   240 | D:1      | Reached skill level 1 in Necromancy
   423 | D:2      | Reached XP level 3. HP: 17/28 MP: 6/8
   427 | D:2      | Learned a level 3 spell: Vampiric Draining
   638 | D:2      | Upgraded the game from 0.29-a0-887-gcbe080d7e0 to
                  | 0.29-a0-892-g2c4c91d9db
   689 | D:2      | Reached XP level 4. HP: 30/35 MP: 9/9
   815 | D:3      | Reached ** piety under Kikubaaqudgha
   838 | D:3      | Reached XP level 5. HP: 40/40 MP: 6/10
  1041 | D:3      | Noticed Jessica
  1049 | D:3      | Killed Jessica
  1219 | D:4      | Found a staircase to the Ecumenical Temple.
  1227 | D:4      | Reached skill level 5 in Necromancy
  1227 | D:4      | Reached XP level 6. HP: 47/47 MP: 7/11
  1290 | D:4      | Learned a level 4 spell: Animate Dead
  1497 | D:4      | Reached XP level 7. HP: 39/52 MP: 5/13
  1576 | D:5      | Entered Level 5 of the Dungeon
  1582 | D:5      | Reached *** piety under Kikubaaqudgha
  1582 | D:5      | Received a gift from Kikubaaqudgha
  1583 | D:5      | Reached skill level 3 in Transmutations
  1600 | D:5      | Found a white marble altar of Elyvilon.
  1618 | D:5      | Found a glowing drain.
  1634 | Sewer    | Entered a sewer
  1647 | Sewer    | Reached skill level 4 in Transmutations
  2056 | Sewer    | Glimpsed the power of Zot.
  2099 | Sewer    | Glimpsed the power of Zot.
  2116 | D:5      | Learned a level 5 spell: Blade Hands
  2158 | D:5      | Reached skill level 5 in Transmutations
  2158 | D:5      | Reached XP level 8. HP: 57/59 MP: 13/16
  2174 | D:5      | Reached **** piety under Kikubaaqudgha
  2199 | D:5      | Reached skill level 6 in Transmutations
  2235 | D:5      | Found a shadowy altar of Dithmenos.
  2444 | D:6      | Reached skill level 7 in Transmutations
  2448 | D:6      | HP: 2/59 [orc/+0 club (5)]
  2448 | D:6      | Slain by a kobold

Illustrated notes

Levels and vault maps discovered:
D:1:      dpeg_arrival_pits, layout_basic,
          shapermc_ecumenical_altar_starsandcircs
D:2:      layout_loops_cross
D:3:      layout_loops_ring, uniq_jessica
D:4:      minmay_door_path, layout_loops_ring, minmay_temple_entry_proselytizer,
          minmay_misc_feat_more_columns, serial_bayou_lagoon_b
D:5:      layout_cave_pools, nicolae_elyvilon_temple_path,
          nicolae_overflow_hidden_temple, gup_sewer_entry_glass
D:6:      due_chaos_kobolds, layout_loops_ring, makhleb_heckhound_becter,
          uniq_edmund, uniq_menkaure

Skill      XL: |  1  2  3  4  5  6  7  8 |
---------------+-------------------------+-----
Unarmed Combat | 4 |  4.3
Necromancy     | 1 2 3 5 |  5.9
Spellcasting   | 3 4 |  4.7
Transmutations | 5 7 |  7.4
Fighting       | |  1.1
Dodging        | |  2.4

Action                   |  1- 3 |  4- 6 |  7- 9 || total
-------------------------+-------+-------+-------++-------
Melee: Unarmed           |    65 |   107 |   116 ||   288
       Kick              |    16 |    24 |    25 ||    65
       Headbutt          |     5 |    14 |    12 ||    31
       Punch             |       |     5 |     3 ||     8
 Cast: Beastly Appendage |    12 |    19 |    13 ||    44
       Vampiric Draining |     1 |     5 |    28 ||    34
       Wereblood         |       |    11 |    10 ||    21
       Blade Hands       |       |       |     2 ||     2
Evoke: Wand              |       |       |     2 ||     2
  Use: Scroll            |       |     4 |     1 ||     5
       Potion            |       |       |     1 ||     1
Armor: Robe              |    25 |    36 |    88 ||   149
       Skin              |       |       |     1 ||     1
Dodge: Dodged            |    29 |    54 |   130 ||   213

Table legend: (Time is in decaauts)
 A = Elapsed time spent in this place.
 B = Non-inter-level travel time spent in this place.
 C = Inter-level travel time spent in this place.
 D = Time resting spent in this place.
 E = Time spent auto-exploring this place.
 F = Levels seen in this place.
 G = Mean time per level.
                   A        B        C        D        E       F      G
               +--------+--------+--------+--------+--------+-----+--------+
         Total |   2517 |   2449 |     68 |     21 |      0 |   7 |  359.6 |
       Dungeon |   1958 |   1890 |     68 |      0 |      0 |   6 |  326.3 |
         Sewer |    559 |    559 |      0 |     21 |      0 |   1 |  559.0 |
               +--------+--------+--------+--------+--------+-----+--------+

Top non-repeatable levels by time:
   Sewer: 559 daAuts
     D:2: 430 daAuts
     D:3: 402 daAuts
     D:5: 381 daAuts
     D:1: 364 daAuts
     D:4: 364 daAuts
     D:6: 14 daAuts
